 Dungeon Crawl Stone Soup version 0.31-a0-851-g7ff8af7976 (webtiles) character file.

Game seed: 12476544336658607630

2784 Ee the Shooter (level 9, -3/76 HPs)
             Began as a Naga Hunter on Oct 6, 2023.
             Was a Believer of Hepliaklqana.
             Slain by a troll (7 damage)
             ... on level 7 of the Dungeon.
             The game lasted 00:57:18 (4705 turns).

Ee the Shooter (Naga Hunter)                        Turns: 4705, Time: 00:57:19

Health: -3/76      AC: 11    Str: 17    XL:     9   Next: 70%
Magic:  9/9        EV: 12    Int: 17    God:    Hepliaklqana [**....]
Gold:   511        SH:  0    Dex: 23    Spells: 8/8 levels left

rFire   + . .        l - +4 dagger of the Puffball {flame, rPois Int+3}
rCold   . . .        (no shield)
rNeg    . . .        c - +4 robe of Augmentation {Str+4 Int+4 Dex+4}
rPois   +            u - +0 helmet
rElec   .            K - +0 cloak
rCorr   .            x - +0 pair of gloves
SInv    +            (no barding)
Will    ++...        D - amulet of regeneration
Stlth   ++++         m - ring of protection from fire
HPRegen 1.12/turn    J - ring of willpower
MPRegen 0.11/turn

%: no passive effects
@: short of breath, very slow
A: reduced essence, AC +3, large, see invisible, deformed body, poison
resistance, slowness 2, spit poison 1, naga tail 1
a: Spit Poison, Renounce Religion, Recall Ancestor, Ancestor Identity


You were on level 7 of the Dungeon.
You worshipped Hepliaklqana.
Hepliaklqana was pleased with you.
You visited 2 branches of the dungeon, and saw 8 of its levels.
You also visited: Bailey.

You collected 622 gold pieces.
You spent 111 gold pieces at shops.

Inventory:

Hand Weapons
 a - a +2 shortbow of electrocution
 l - the +4 dagger of the Puffball (weapon) {flame, rPois Int+3}
   (You found it on level 3 of the Dungeon)

   Int+3:     It affects your intelligence (+3).
   rPois:     It protects you from poison
 w - a +0 shortbow of freezing
 z - a +0 orcbow
Armour
 c - the +4 robe of Augmentation (worn) {Str+4 Int+4 Dex+4}
   (You found it on level 4 of the Dungeon)

   Str+4:     It affects your strength (+4).
   Int+4:     It affects your intelligence (+4).
   Dex+4:     It affects your dexterity (+4).
 u - a +0 helmet (worn)
 x - a +0 pair of gloves (worn)
 K - a +0 cloak (worn)
Jewellery
 m - a ring of protection from fire (left hand)
 D - an amulet of regeneration (around neck)
 G - a ring of resist corrosion
 J - a ring of willpower (right hand)
Scrolls
 b - a scroll of butterflies
 h - 3 scrolls of enchant armour {unknown}
 i - 6 scrolls of identify {unknown}
 k - 6 scrolls of immolation
 o - a scroll of amnesia {unknown}
 q - a scroll of revelation {unknown}
 r - a scroll of noise {unknown}
 s - a scroll of blinking {unknown}
 y - a scroll of vulnerability {unknown}
 B - a scroll of enchant weapon {unknown}
 C - a scroll of silence {unknown}
 E - a scroll of acquirement {unknown}
 H - a scroll of teleportation {unknown}
 I - a scroll of torment {unknown}
Potions
 d - a potion of invisibility {unknown}
 e - a potion of resistance {unknown}
 f - 5 potions of heal wounds {unknown}
 g - 4 potions of enlightenment {unknown}
 j - 2 potions of might {unknown}
 n - 2 potions of ambrosia {unknown}
 p - 3 potions of lignification {unknown}
 t - 3 potions of mutation {unknown}
 v - 3 potions of curing
 A - a potion of brilliance {unknown}
 F - 2 potions of degeneration {unknown}


   Skills:
 * Level 6.4 Fighting
 * Level 5.5 Short Blades
 * Level 6.8 Ranged Weapons
 + Level 3.5 Armour
 + Level 4.0 Dodging
 + Level 6.7 Stealth


You had 8 spell levels left.
You didn't know any spells.
Your spell library contained the following spells:

 Spells                   Type           Power      Damage    Failure   Level
 Freeze                   Ice            0%         1d3       24%         1
 Frozen Ramparts          Ice            0%         1d1       56%         3
 Hailstorm                Conj/Ice       0%         3d3       56%         3


Dungeon Overview and Level Annotations

Branches:
Dungeon (7/15)             Temple (1/1) D:4          Bailey (visited)

Altars:
Ashenzari
Cheibriados
Dithmenos
Elyvilon
Fedhas
Gozag
Hepliaklqana
Kikubaaqudgha
Makhleb
Nemelex Xobeh
Okawaru
Qazlal
Ru
Sif Muna
Trog
Uskayaw
Vehumet
Wu Jian
Xom
Yredelemnul
Zin
The Shining One

Shops:
D:2 *[   D:6 !

Annotations:
D:2 Sigmund
D:3 exclusions: door and upstairs
D:4 exclusions: black bear and phantom
D:5 3 runed translucent doors, lunkers's ghost, novice MeSh


Innate Abilities, Weirdness & Mutations

Your life essence is reduced to manifest your ancestor. (-10% HP)
Your serpentine skin is tough. (AC +3)
You have supernaturally acute eyesight. (SInv)
Armour fits poorly on your strangely shaped body.
Your system is resistant to poisons. (rPois)
You cover ground very slowly.
You can spit poison.
You have a snake-like lower body.


Message History

The troll is heavily wounded.
You closely miss the troll.
The troll is heavily wounded.
The troll bites you but does no damage. The troll closely misses you.
The troll barely misses you.
Kendra closely misses the troll.
You barely miss the troll.
The troll is heavily wounded.
The troll bites you! The troll claws you. The troll claws you!
You hit the troll. You burn the troll.
The troll is heavily wounded.
Kendra barely misses the troll.
You barely miss the troll.
The troll is heavily wounded.
The troll bites you. The troll misses you.
The troll claws you but does no damage.
You closely miss the troll.
The troll is heavily wounded.
The troll bites you but does no damage. The troll barely misses you.
The troll misses you.
Kendra hits the troll with a +0 flail.
You hit the troll. You burn the troll.
The troll is severely wounded.
The troll bites you! The troll claws you!
* * * LOW HITPOINT WARNING * * *
The troll barely misses you.
You closely miss the troll.
The troll is severely wounded.
Kendra closely misses the troll.
Aiming: Spit Poison (1% risk of failure)
Press: ? - help, Shift-Dir - straight line, f/p - troll
Aim: a troll (black smoke, severely wounded, ally target, 64% to hit)
The splash of poison hits the troll.
The troll is poisoned.
The troll is severely wounded.
The troll bites you!
* * * LOW HITPOINT WARNING * * *
The troll claws you but does no damage. The troll claws you!
* * * LOW HITPOINT WARNING * * *
You hit the troll. You burn the troll.
The troll is severely wounded.
The troll closely misses you. x2; The troll claws you!
You die...

#.###.#########.
##### #..### ##...##
##....# #.....
##P.PPP# .._?.
#.P...P# #...#
#.P...P# ### #≈)R#
#.....P# #.. #.#T#
#.PPP.P# #.# ##.@#
#.###..# .. #.###
#.# #.## #.# #..#
##.###.# #.#
##.###......# #.#
##.8#####.### #..
#.#.# #.# ###.#
##R.#####.# #...#
#.####...#######.#.#
##R####.............


You could see the friendly Kendra the knight and a troll (poisoned, ally
target).

Vanquished Creatures
  Prince Ribbit (D:7)
  Eustachio (D:5)
  An orc warrior (D:7)
  A black bear (D:5)
  A sky beast (D:7)
  3 ogres
  3 centaurs
  A phantom (D:6)
  6 bullfrogs
  A scorpion (D:6)
  A wight (D:6)
  3 killer bees (D:7)
  A howler monkey (D:6)
  4 hounds
  3 orc priests
  A jelly (D:6)
  A gnoll bouda (D:6)
  2 iguanas (D:6)
  3 sleepcaps
  2 orc wizards
  4 gnolls
  9 adders
  A shadow imp (D:6)
  A white imp (D:6)
  An ufetubus (D:6)
  2 worms
  10 orcs
  2 endoplasms
  A giant cockroach (D:3)
  6 goblins
  8 hobgoblins
  10 kobolds
  3 quokkas
  5 ball pythons
  5 bats
  3 frilled lizards
  3 rats
114 creatures vanquished.

Vanquished Creatures (collateral kills)
  A bullfrog (Bailey)
  3 killer bees (D:7)
  A hound (D:6)
  An orc priest (D:6)
  2 adders (D:6)
  A white imp (D:6)
  5 orcs
  A goblin (D:7)
15 creatures vanquished.

Vanquished Creatures (others)
  3 ancestors
3 creatures vanquished.

Grand Total: 132 creatures vanquished

Notes
Turn   | Place    | Note
-------+----------+-------------------------------------------
     0 | D:1      | Ee the Naga Hunter began the quest for the Orb.
     0 | D:1      | Reached XP level 1. HP: 19/19 MP: 1/1
   210 | D:1      | Reached XP level 2. HP: 26/26 MP: 2/2
   658 | D:2      | Found Myvugaaron's General Store.
   664 | D:2      | Bought a +0 shortbow of freezing for 81 gold pieces
   698 | D:2      | Noticed Sigmund
   897 | D:2      | Reached XP level 3. HP: 33/33 MP: 3/3
   917 | D:2      | Found Qicam's Antique Armour Shop.
  1038 | D:3      | Identified the +4 dagger of the Puffball {flame, rPois
                  | Int+3}
  1174 | D:2      | Reached skill level 1 in Armour
  1174 | D:2      | Reached XP level 4. HP: 40/40 MP: 4/4
  1621 | D:3      | Reached XP level 5. HP: 49/49 MP: 5/5
  1663 | D:3      | Found an ornate altar of the Wu Jian Council.
  1762 | D:3      | Found a faded altar of an unknown god.
  2224 | D:4      | Noticed a phantom
  2285 | D:4      | Found a staircase to the Ecumenical Temple.
  2296 | D:4      | Found the +4 robe of Augmentation {Str+4 Int+4 Dex+4}
  2346 | Temple   | Entered the Ecumenical Temple
  2352 | Temple   | Became a worshipper of Hepliaklqana the Forgotten
  2402 | D:4      | Noticed a black bear
  2462 | D:4      | Reached skill level 1 in Short Blades
  2699 | D:5      | Entered Level 5 of the Dungeon
  2787 | D:5      | Noticed an ogre
  2819 | D:5      | Noticed an ogre
  2826 | D:5      | Killed an ogre
  2827 | D:5      | Reached XP level 6. HP: 42/56 MP: 6/6
  2888 | D:5      | Found a shimmering blue altar of Sif Muna.
  2950 | D:5      | Found a broken altar of Ashenzari.
  3063 | D:5      | Reached * piety under Hepliaklqana
  3076 | D:5      | Reached XP level 7. HP: 38/56 MP: 7/7
  3181 | D:5      | Noticed Eustachio
  3197 | D:5      | Killed Eustachio
  3198 | D:5      | Reached skill level 5 in Ranged Weapons
  3304 | D:5      | Found a runed translucent gate.
  3304 | D:5      | Found a runed translucent gate.
  3304 | D:5      | Found a runed translucent gate.
  3307 | D:5      | Noticed lunkers's ghost (novice MeSh)
  3576 | D:6      | Reached XP level 8. HP: 65/65 MP: 8/8
  3969 | D:6      | Reached skill level 5 in Stealth
  3980 | D:6      | Found Quinogokk's Distillery.
  3990 | D:6      | Bought a potion of curing for 30 gold pieces
  4072 | D:6      | Reached skill level 5 in Fighting
  4226 | D:6      | Reached XP level 9. HP: 71/72 MP: 9/9
  4324 | D:7      | Reached ** piety under Hepliaklqana
  4334 | D:7      | Remembered your ancestor Kendra as a knight
  4426 | D:7      | Found an ancient bone altar of Kikubaaqudgha.
  4426 | D:7      | Found a radiant altar of Vehumet.
  4458 | D:7      | Reached skill level 5 in Short Blades
  4484 | D:7      | Found a flagged portal.
  4503 | Bailey   | Entered a bailey
  4558 | Bailey   | Noticed Prince Ribbit
  4561 | Bailey   | Noticed a vault guard
  4591 | D:7      | Killed Prince Ribbit
  4685 | D:7      | Noticed a troll
  4686 | D:7      | Found a faded altar of an unknown god.
  4686 | D:7      | Found the Hermit's Pendant {Faith Invo=14 Evo=0 MP+5}
  4705 | D:7      | Slain by a troll

Illustrated notes

Levels and vault maps discovered:
D:1:      minmay_arrival_radiant_lines, layout_basic
D:2:      layout_basic, serial_shops, nicolae_shop_rolling_square,
          shop_fountains, uniq_sigmund
D:3:      cheibrodos_fertilizer, layout_basic, lemuel_coloured_pillars_altar,
          hellmonk_ecumenical_altar_blasted, nrook_mini_backslash, st_stairs_6,
          hangedman_decor_peaks_small
D:4:      layout_basic, minmay_temple_entry_water_ring
D:5:      dreamdust_elfheim, layout_gridville, led_sif_pool,
          overflow_temple_1_default, ebering_ghost_rock_garden, uniq_eustachio
D:6:      layout_loops_ring, serial_shops, nicolae_square_shop, minivault_4,
          minmay_joined_circles
D:7:      layout_loops_ring, mainiacjoe_overflow_large_starburst,
          enter_bailey_5, minmay_gold_behind_fungi,
          hellmonk_guarded_unrand_hermit
Temple:   sentei_temple_godly_chess

Skill      XL: |  1  2  3  4  5  6  7  8  9 |
---------------+----------------------------+-----
Stealth        | 2 3 4 5 6 |  6.7
Ranged Weapons | 4 5 6 |  6.8
Armour         | 1 2 3 |  3.5
Dodging        | 2 3 4 |  4.0
Fighting       | 3 4 5 6 |  6.4
Short Blades   | 1 2 3 4 5 |  5.5

Action                     |  1- 3 |  4- 6 |  7- 9 || total
---------------------------+-------+-------+-------++-------
  Melee: Dagger            |     3 |    48 |    82 ||   133
         Punch             |       |     1 |     2 ||     3
   Fire: Shortbow          |    57 |    55 |   140 ||   252
 Invoke: Recall Ancestor   |       |       |     4 ||     4
         Ancestor Life: Kn |       |       |     1 ||     1
Ability: Spit Poison       |    12 |     8 |     7 ||    27
   Stab: Sleeping          |       |     1 |       ||     1
         Distracted        |       |       |     1 ||     1
 Armour: Leather armour    |    15 |    16 |       ||    31
         Robe              |       |    21 |    63 ||    84
  Dodge: Dodged            |     7 |    28 |    49 ||    84

Table legend: (Time is in decaauts)
 A = Elapsed time spent in this place.
 B = Non-inter-level travel time spent in this place.
 C = Inter-level travel time spent in this place.
 D = Time resting spent in this place.
 E = Time spent auto-exploring this place.
 F = Levels seen in this place.
 G = Mean time per level.
                   A        B        C        D        E       F      G
               +--------+--------+--------+--------+--------+-----+--------+
         Total |   6218 |   5001 |   1217 |    144 |   1628 |   9 |  690.9 |
       Dungeon |   6107 |   4897 |   1210 |    144 |   1628 |   7 |  872.4 |
        Temple |     13 |      6 |      7 |      0 |      0 |   1 |   13.0 |
        Bailey |     97 |     97 |      0 |      0 |      0 |   1 |   97.0 |
               +--------+--------+--------+--------+--------+-----+--------+

Top non-repeatable levels by time:
     D:6: 1231 daAuts
     D:2: 1153 daAuts
     D:3: 1008 daAuts
     D:5: 892 daAuts
     D:1: 775 daAuts
     D:4: 685 daAuts
     D:7: 362 daAuts
  Bailey: 97 daAuts
  Temple: 13 daAuts
